AoeStats
← Cool Dog

MegaRandom

510165546Analyzed
4v4 RM · 1d ago on Sep 29, 2026· 42m 6s· 8 players
Game mode
Random Map
Map size
Large (8 player)
Population
200
Speed
Normal
Resources
Standard
Victory
Conquest
Starting age
Dark Age
Ending age
Imperial Age
RankedLock teamsTeams togetherTeam positionsShared explorationLock speedFull tech treeHidden civsTurbo modeCheats
Victory
Defeat
🇩🇪 Danes · Germany
1100
+16
🇩🇪 Varangians · Germany
1099
+16
🇨🇦 Vietnamese · Canada
1093
+16
🇵🇪 Inca · Peru
1087
+16
🇺🇸 Franks · United States
1120
-17
🇲🇽 Lithuanians · Mexico
1112
-17
🇺🇸 Gurjaras · United States
1108
-16
🇨🇦 Celts · Canada
1043
-14
BallonPrince5
6:45 Loom
8:52 Feudal Age
9:24 Double-Bit Axe
9:45 Man-at-Arms
14:26 Horse Collar
15:25 Wheelbarrow
16:16 Gold Mining
21:47 Castle Age
19:42 Fletching
21:40 Padded Archer Armor
21:53 Crossbowman
22:47 Thumb Ring
22:58 Bodkin Arrow
23:53 Leather Archer Armor
25:05 Bow Saw
26:05 Heavy Plow
28:46 Ballistics
29:02 Scale Mail Armor
29:12 Forging
30:35 Stone Mining
32:35 Hand Cart
32:05 Town Watch
33:01 Treadmill Crane
33:28 Town Patrol
37:09 Chain Mail Armor
37:30 Iron Casting
37:20 Fortified Wall
37:04 Pikeman
37:46 Squires
37:31 Arson
41:40 Imperial Age
43:36 Two-Man Saw
42:40 Bracer
43:11 Ring Archer Armor
42:04 Elite Fire Lancer
Taikobo
2:30 Loom
11:46 Feudal Age
13:17 Wheelbarrow
16:18 Town Watch
17:07 Double-Bit Axe
17:32 Stone Mining
19:52 Castle Age
18:03 Horse Collar
18:55 Scale Mail Armor
20:51 Squires
21:35 Bow Saw
26:23 Heavy Plow
29:39 Hand Cart
29:43 Gold Mining
29:55 Arson
30:25 Forging
33:03 Iron Casting
32:44 Chain Mail Armor
37:34 Imperial Age
38:07 Capped Ram
39:18 Conscription
38:58 Fabric Shields
38:19 Elite Kamayuk
39:33 Plate Mail Armor
40:03 Blast Furnace
39:44 Gold Shaft Mining
39:53 Town Patrol
40:08 Siege Ram
Dabbler
6:04 Loom
9:31 Feudal Age
10:10 Double-Bit Axe
12:24 Fletching
13:33 Horse Collar
16:19 Wheelbarrow
20:17 Castle Age
20:24 Crossbowman
21:01 Bodkin Arrow
22:15 Bow Saw
24:07 Heavy Plow
28:51 Scale Barding Armor
29:53 Forging
30:04 Chain Barding Armor
30:35 Town Watch
31:08 Hand Cart
32:48 Iron Casting
33:06 Bloodlines
32:56 Husbandry
33:55 Gold Mining
33:55 Stone Mining
37:03 Imperial Age
37:12 Elite Jarl
38:53 Blast Furnace
39:04 Plate Barding Armor
Cool Dog
6:16 Loom
9:03 Feudal Age
9:34 Man-at-Arms
11:39 Double-Bit Axe
13:06 Arson
21:49 Castle Age
21:17 Horse Collar
21:53 Stone Mining
26:59 Bow Saw
26:43 Hamask
27:20 Gold Mining
29:14 Gold Shaft Mining
32:08 Scale Mail Armor
33:15 Chain Mail Armor
35:07 Wheelbarrow
36:59 Forging
37:32 Hand Cart
40:17 Imperial Age
38:59 Iron Casting
Abraham16034735
5:14 Loom
10:36 Feudal Age
12:31 Town Watch
12:25 Man-at-Arms
13:17 Double-Bit Axe
16:10 Horse Collar
22:00 Castle Age
22:11 Scale Barding Armor
23:24 Husbandry
24:38 Chain Barding Armor
MarCus111
0:27 Loom
11:43 Feudal Age
11:57 Man-at-Arms
17:31 Fletching
18:09 Double-Bit Axe
24:52 Castle Age
26:26 Scale Barding Armor
26:33 Forging
32:29 Gold Mining
32:30 Stone Mining
33:04 Bow Saw
35:16 Wheelbarrow
35:26 Husbandry
38:52 Chain Barding Armor
Delicious Tuna
5:25 Loom
5:28 Loom
13:34 Feudal Age
17:38 Castle Age
15:51 Double-Bit Axe
18:27 Horse Collar
19:00 Bow Saw
22:40 Bloodlines
24:27 Scale Barding Armor
25:01 Town Watch
28:45 Wheelbarrow
28:59 Husbandry
29:22 Chain Barding Armor
29:15 Forging
34:20 Imperial Age
32:30 Ballistics
32:28 Heavy Plow
32:47 Hand Cart
33:07 Fletching
33:18 Padded Archer Armor
34:07 Gold Mining
34:24 Elite Shrivamsha Rider
34:39 Elite Skirmisher
36:20 Plate Barding Armor
JumpingJuneBug
6:50 Loom
11:41 Feudal Age
14:06 Man-at-Arms
18:56 Castle Age
18:07 Fletching
19:09 Long Swordsman
25:26 Scale Mail Armor
Connection lost

Rejoining the realm…

Still unreachable

The connection could not be restored.

Session expired

The server has moved on; the page needs a fresh start.